 Dungeon Crawl Stone Soup version 0.31-a0-876-gfe8ebadbca (console) character file.

Game seed: 4614860245691573295

120328 petzl the Thaumaturge (level 17, -8/124 HPs)
             Began as a Formicid Delver on Oct 13, 2023.
             Was the Champion of Vehumet.
             Killed from afar by a will-o-the-wisp (20 damage)
             ... with a foxfire
             ... on level 1 of the Swamp on Oct 15, 2023.
             The game lasted 04:46:55 (44964 turns).

petzl the Thaumaturge (Formicid Delver)            Turns: 44964, Time: 04:46:56

Health: -8/124     AC: 20    Str: 28    XL:     17   Next: 36%
Magic:  32/32      EV: 11    Int: 15    God:    Vehumet [******]
Gold:   248        SH: 10    Dex:  9    Spells: 5/39 levels left

rFire   . . .        a - +5 orcbow {elec, rElec Will+ Dex-3}
rCold   + . .        w - +0 kite shield {reflect}
rNeg    + . .        r - +7 scale mail of the Moon {+Blink Fly rC+ Dex-2}
rPois   +            (helmet unavailable)
rElec   +            j - +1 cloak {Will+}
rCorr   .            t - +0 pair of gloves {infuse}
SInv    +            F - +0 pair of boots
Will    ++++.        o - amulet of the acrobat
Stlth   ++           v - ring "Gerhasec" {rPois rN+ Will+ Str+5}
HPRegen 0.40/turn    u - ring of wizardry
MPRegen 0.23/turn

%: reflection, acrobat, wizardry (x1), infuse magic (1 MP)
@: flying
A: permanent stasis, dig shafts and tunnels, antennae 3, four strong arms,
strong 1, subdued magic 1
a: Dig, Shaft Self, Renounce Religion


You were on level 1 of the Swamp.
You worshipped Vehumet.
Vehumet was exalted by your worship.
You visited 7 branches of the dungeon, and saw 27 of its levels.
You visited 1 bazaar.
You also visited: Bailey.

You collected 2211 gold pieces.
You spent 1963 gold pieces at shops.

Inventory:

Hand Weapons
 a - the +5 orcbow of Jocod (weapon) {elec, rElec Will+ Dex-3}
   (You bought it in a shop in a bazaar)

   Dex-3:     It affects your dexterity (-3).
   rElec:     It insulates you from electricity.
   Will+:     It increases your willpower.
 b - the +8 battleaxe of Shimmering Terror {pain, Will+ Dex+3, !f =f}
   (You bought it in a shop in a bazaar)

   Dex+3:     It affects your dexterity (+3).
   Will+:     It increases your willpower.
 c - a +4 scimitar of flaming
 d - a +0 quarterstaff of freezing
 e - a +2 spectral quarterstaff
Missiles
 k - 4 silver javelins
 G - 27 poisoned darts
 P - 2 curare-tipped darts
 V - 4 throwing nets
Armour
 f - a +1 buckler of reflection
 j - a +1 cloak of willpower (worn)
 r - the +7 scale mail of the Moon (worn) {+Blink Fly rC+ Dex-2}
   (You found it on level 4 of the Lair of Beasts)

   Dex-2:     It affects your dexterity (-2).
   rC+:       It protects you from cold.
   Fly:       It grants you flight.
   +Blink:    It lets you blink.
 t - a +0 pair of gloves of infusion (worn)
 w - a +0 kite shield of reflection (worn)
 F - a +0 pair of boots (worn)
Jewellery
 g - a ring of fire
 h - an amulet of reflection
 o - an amulet of the acrobat (around neck)
 p - an amulet of regeneration
 s - the ring of Vufashry {*Slow rF+ rN+ AC+4}
   (You took it off a centaur on level 9 of the Dungeon)

   [ring of protection]

   AC+4:      It affects your AC (+4).
   rF+:       It protects you from fire.
   rN+:       It protects you from negative energy.
   *Slow:     It may slow you when you take damage.
 u - a ring of wizardry (right hand)
 v - the ring "Gerhasec" (left hand) {rPois rN+ Will+ Str+5}
   (You found it on level 3 of the Dungeon)

   [ring of positive energy]

   Str+5:     It affects your strength (+5).
   rPois:     It protects you from poison rN+: It protects you from negative
   energy.
   Will+:     It increases your willpower.
 z - a ring of willpower
 C - a ring of flight
Wands
 n - a wand of quicksilver (7)
 y - a wand of flame (47)
 M - a wand of polymorph (14)
 S - a wand of paralysis (9)
Scrolls
 m - a scroll of fog
 A - a scroll of vulnerability
 L - 2 scrolls of butterflies
 X - 2 scrolls of revelation
 Y - 5 scrolls of poison
Potions
 i - a potion of resistance
 l - 4 potions of might
 q - a potion of lignification
 x - a potion of magic
 K - 3 potions of brilliance
 O - 2 potions of ambrosia
 R - 4 potions of enlightenment
 W - a potion of invisibility


   Skills:
 + Level 8.4 Fighting
 - Level 2.6(3.0) Axes
 - Level 2.0(3.2) Maces & Flails
 - Level 2.6(3.0) Staves
 - Level 4.0 Ranged Weapons
 - Level 2.0 Throwing
 - Level 8.8 Armour
 - Level 5.1 Dodging
 - Level 7.0 Stealth
 + Level 9.0 Shields
 + Level 11.5 Spellcasting
 + Level 10.5 Conjurations
 * Level 10.6 Translocations
 - Level 1.3 Transmutations
 - Level 11.4 Fire Magic
 + Level 6.8 Ice Magic
 + Level 8.6 Air Magic
 - Level 5.0 Poison Magic
 - Level 2.0 Evocations


You had 5 spell levels left.
You knew the following spells:

 Your Spells              Type           Power      Damage    Failure   Level
a - Foxfire               Conj/Fire      100%       2x1d9     1%          1
b - Plasma Beam           Fire/Air       14%        2x1d25    7%          6
c - Fireball              Conj/Fire      15%        3d8       1%          5
l - Freezing Cloud        Conj/Ice/Air   13%        6-21      2%          5
p - Passage of Golubria   Tloc           31%        N/A       1%          4
s - Sticky Flame          Conj/Fire      31%        2d5       1%          4
C - Conjure Ball Lightni  Conj/Air       14%        3x3d6     9%          6
I - Ignite Poison         Fire/Tmut/Pois 20%        N/A       1%          3

Your spell library contained the following spells:

 Spells                   Type           Power      Damage    Failure   Level
 Ozocubu's Refrigeration  Ice            11%        4d9       71%         7
 Lesser Beckoning         Tloc           62%        N/A       1%          2
 Momentum Strike          Conj/Tloc      62%        3d9       1%          2
 Poisonous Vapours        Pois/Air       44%        N/A       1%          2
 Sting                    Tmut/Pois      52%        1d5       2%          1
 Ensorcelled Hibernation  Hex/Ice        28%        N/A       3%          2
 Olgreb's Toxic Radiance  Pois           18%        N/A       3%          4
 Necrotise                Necr           24%        1d5       9%          1
 Passwall                 Tmut/Erth      6%         N/A       11%         2
 Summon Lightning Spire   Summ/Air       16%        N/A       16%         4
 Vampiric Draining        Necr           6%         2d6       28%         3
 Silence                  Hex/Air        8%         N/A       38%         5
 Lee's Rapid Deconstruct  Erth           3%         3d5*      52%         5
 Animate Armour           Summ/Erth      12%        N/A       65%         4
 Agony                    Necr           6%         N/A       93%         5
 Starburst                Conj/Fire      15%        6d6       4%          6
 Ignition                 Fire           16%        3d6       75%         8
 Lehudib's Crystal Spear  Conj/Erth      9%         10d4      99%         8
 Blink                    Tloc           Unusable   N/A       N/A         2
 Swiftness                Air            Unusable   N/A       N/A         3

Dungeon Overview and Level Annotations

Branches:
Dungeon (15/15)            Temple (1/1) D:4            Lair (5/5) D:8
  Swamp (2/4) Lair:2       Spider (0/4) Lair:2        Slime (0/5) Lair:5
    Orc (2/2) D:10            Elf (1/3) Orc:2        Vaults (0/5) D:13
 Depths (1/4) D:15         Bailey (visited)

Altars:
Ashenzari
Cheibriados
Dithmenos
Elyvilon
Fedhas
Gozag
Hepliaklqana
Kikubaaqudgha
Makhleb
Nemelex Xobeh
Okawaru
Qazlal
Ru
Sif Muna
Trog
Uskayaw
Vehumet
Wu Jian
Xom
Yredelemnul
Zin
The Shining One
Jiyva

Shops:
D:2 =   Orc:1 ?   Orc:2 [:=!   Depths:1 =

Annotations:
Lair:1 1 transporter, niangp's ghost, journeyman MiBe
Lair:5 2 runed translucent doors


Innate Abilities, Weirdness & Mutations

You cannot be hasted, slowed, berserked, paralysed or teleported.
You can dig through walls and to a lower floor.
You have a pair of large antennae on your head. (SInv)
Your four strong arms can wield two-handed weapons with a shield.
Your muscles are strong. (Str +4, Int/Dex -1)
Your spells are a little easier to cast, but a little less powerful.


Message History

2 foxfires come into view.
There is a stone staircase leading up here.
Unknown command.
The foxfire hits you!! The foxfire hits you! The tyrant leech bites you!
The tyrant leech draws strength from your injuries!
The will-o-the-wisp engulfs you but does no damage.
You fly upwards.
There is a stone staircase leading down here.
The will-o-the-wisp gestures.
The will-o-the-wisp conjures some marshlight! 2 foxfires come into view.
The foxfire hits you! x2
You are engulfed in a cloud of scalding steam.
The will-o-the-wisp gestures.
The will-o-the-wisp conjures some marshlight! 2 foxfires come into view.
The foxfire hits you!!
* * * LOW HITPOINT WARNING * * *
The foxfire hits you!!
* * * LOW HITPOINT WARNING * * *
You shoot an arrow.
The arrow barely misses the tyrant leech.
The tyrant leech bites you but does no damage.
You shoot an arrow. The arrow hits the tyrant leech!
The tyrant leech is lightly wounded.
You block the tyrant leech's attack. You block the will-o-the-wisp's attack.
You shoot an arrow.
The arrow barely misses the tyrant leech.
You block the will-o-the-wisp's attack. The tyrant leech misses you.
You shoot an arrow. The arrow misses the tyrant leech.
The will-o-the-wisp gestures.
The will-o-the-wisp conjures some marshlight!
The tyrant leech closely misses you.
The will-o-the-wisp gestures.
The will-o-the-wisp conjures some marshlight! 4 foxfires come into view.
You shoot an arrow. The arrow misses the tyrant leech.
The arrow hits the foxfire.
The foxfire is lightly damaged.
The foxfire hits you!!
You die...

♣♣♣♣♣♣♣..~♣ ♣♣.♣♣~♣...♣♣
♣.~......~~♣♣ ♣♣.......~~.♣
♣♣♣♣..~...♣♣.♣♣ ♣♣~♣[♣§~.~.~♣♣♣
♣♣♣♣♣♣.!~~.....~.~♣
♣♣..♣♣.....~.~..~~.♣
♣.~~..~...§.~....~~♣
♣.....≈≈≈≈.....~♣.♣♣
♣♣...≈≈≈≈≈≈≈...♣..§♣♣
♣♣..≈≈≈≈≈≈≈≈...♣.~~~♣♣♣
♣.~.≈≈≈≈≈≈≈≈...♣♣..♣♣.♣♣
♣..≈≈≈≈≈≈≈≈≈~~♣♣♣~.~...♣
♣..≈≈≈≈≈≈.~...♣~§....♣.♣
♣♣♣♣♣~~≈≈≈≈≈..~.♣♣♣♣♣~...~.♣♣
♣~♣..♣~.≈≈≈≈....§♣♣♣....~~..♣♣
.~~~.~~.~≈≈....~..♣♣♣...§~~.~♣♣
.♣~~~.~.^≈≈..♣♣...♣.@vv≈...~..♣♣♣♣♣♣
~...~.~~..~..♣...~..wv§≈≈..~~~.♣...♣♣
♣♣♣.~.~~♣~~~♣♣♣♣~.♣≈v≈v≈≈≈..~♣....♣.♣
♣♣...~.~~~.♣♣~~~~.≈≈≈≈≈≈..♣~.~.♣.♣♣
♣♣♣~~~.~....~~~...≈≈≈≈≈≈.~~~§..♣♣
♣~..§~...♣♣♣^..>≈≈≈≈≈≈%§♣..§.♣
♣♣.~~..♣♣♣ ♣♣...≈≈≈≈≈≈.~~♣♣~~♣
♣♣.~~.♣♣ ♣♣~.≈≈≈≈≈≈≈.~§.♣.~♣♣ ♣~~~.♣♣
♣.~♣..≈≈≈≈.~...♣♣..♣♣♣ ♣ ♣♣♣♣~..♣
♣♣~~...≈..~~~.♣♣♣..♣.♣ ♣♣♣♣....~~♣
♣.♣~~♣♣~~..)..♣♣...♣♣ ~~~~~~~~~~♣
♣~~~♣♣.~~^~..♣♣♣)♣♣♣ .~§~~~~~~.♣♣♣
♣.~.♣♣♣.....♣♣♣~~~♣ .~~~~~~~~...♣♣♣
♣♣.♣..♣♣~~~~.♣♣♣~.♣♣
♣~~~~~~~~~~~..♣♣♣~~.~..♣.♣~♣.♣♣..♣♣
♣~~~~~~~~~~.~...~~~~~~.~~....♣.♣.♣
♣~~.♣♣♣...~~~~~~...♣.~.~~~?♣~~♣~♣♣
♣.§~♣ ♣..♣...~♣~~§..~~..~.~~.♣~.♣
~~>~♣♣♣)♣♣♣♣♣~.~.~~~.♣♣♣♣♣♣.♣♣~.♣


You could see a tyrant leech and a will-o-the-wisp.

Vanquished Creatures
  Kirke (Lair:4)
  Donald (Lair:2)
  Aizul (Swamp:1)
  Louise (D:15)
  3 orc warlords
  A very ugly thing (D:15)
  An eleionoma (Lair:2)
  A bunyip (Lair:2)
  A fire dragon (D:13)
  Harold (Lair:2)
  An ice dragon (D:15)
  Fannar (D:10)
  A rakshasa (D:14)
  4 hydras
  3 catoblepae
  An alligator (Swamp:1)
  A death knight (D:14)
  3 ogre magi
  4 centaur warriors
  A boulder beetle (D:12)
  19 two-headed ogres
  9 death yaks
  An orc high priest (Orc:2)
  2 tengu warriors (D:15)
  A skeletal warrior (D:14)
  5 spriggans (Swamp:1)
  A deep elf knight (Orc:2)
  3 skysharks
  2 goliath frogs
  2 lindwurms
  2 spriggan druids (Swamp:1)
  A bog body (Lair:2)
  2 deep trolls
  3 deep elf archers (Elf:1)
  An orc knight (D:15)
  A wolf spider (D:15)
  7 deep elf pyromancers
  An orange crystal statue (D:13)
  5 orc sorcerers
  9 cyclopes
  11 ugly things
  3 deep elf zephyrmancers
  An oklob plant (Lair:1)
  4 manticores
  3 black mambas
  21 elephants
  The ghost of MachoJfn the Magician, a novice DESu of Wu Jian (D:6)
  2 molten gargoyles (Lair:5)
  11 cane toads
  A gargoyle (D:12)
  3 rime drakes
  2 efreet
  15 komodo dragons
  2 freezing wraiths (D:14)
  4 tengu conjurers
  19 trolls
  4 tyrant leeches (Lair:2)
  4 polar bears
  Grinder (D:3)
  16 blink frogs
  A blink frog (shapeshifter) (D:13)
  5 hornets (Swamp:1)
  3 shadows
  Sigmund (D:3)
  5 wraiths
  A water elemental (D:11)
  5 wyverns
  26 yaks
  4 vampires
  6 hogs
  7 basilisks
  7 vampire mosquitoes
  A steam dragon (Lair:5)
  3 wargs (Orc:1)
  6 swamp worms
  An acid dragon (D:9)
  24 water moccasins
  4 hell hounds (Lair:5)
  3 sky beasts
  26 orc warriors
  An ice beast (D:6)
  13 wolves
  26 ogres
  15 centaurs
  2 kobold brigands
  9 bullfrogs
  3 scorpions
  8 wights
  38 killer bees
  8 electric eels
  2 howler monkeys
  A hound (D:4)
  5 lava snakes (Lair:5)
  14 orc priests
  Jessica (D:3)
  Natasha (thrice) (D:3 D:2)
  2 gnoll boudas
  3 iguanas
  21 orc wizards
  A sleepcap (D:8)
  12 gnolls
  7 adders
  2 white imps
  An ufetubus (D:6)
  2 worms
  2 dart slugs
  95 orcs
  7 bats
  5 endoplasms
  3 giant cockroaches
  12 goblins
  3 hobgoblins
  13 jackals
  4 quokkas
  8 ball pythons
  3 frilled lizards
  9 kobolds
  5 rats
745 creatures vanquished.

Vanquished Creatures (others)
  A bloated husk (Swamp:1)
  70 ball lightnings
  12 foxfires
83 creatures vanquished.

Grand Total: 828 creatures vanquished

Notes
Turn   | Place    | Note
-------+----------+-------------------------------------------
     0 | D:5      | petzl the Formicid Delver began the quest for the Orb.
     0 | D:5      | Reached XP level 1. HP: 18/18 MP: 1/1
     5 | D:5      | Noticed a scorpion
   120 | D:1      | Reached skill level 1 in Spellcasting
   165 | D:1      | Reached XP level 2. HP: 8/24 MP: 2/4
   474 | D:1      | Reached XP level 3. HP: 21/29 MP: 6/6
  1172 | D:2      | Found Evemn's Jewellery Emporium.
  1220 | D:2      | Reached XP level 4. HP: 33/35 MP: 8/8
  1938 | D:3      | Noticed Sigmund
  1938 | D:3      | Noticed Grinder
  1988 | D:3      | Noticed Natasha
  2065 | D:3      | You fall into a shaft and drop 1 floor!
  2134 | D:3      | Killed Natasha
  2135 | D:3      | Reached XP level 5. HP: 37/41 MP: 11/11
  2203 | D:3      | Noticed Natasha
  2312 | D:2      | Killed Natasha
  2336 | D:2      | Noticed Natasha
  2347 | D:2      | Killed Natasha
  2348 | D:2      | Reached skill level 5 in Spellcasting
  2448 | D:3      | Reached XP level 6. HP: 40/47 MP: 14/14
  2455 | D:3      | Identified the ring "Gerhasec" {rPois rN+ Will+ Str+5}
  2463 | D:4      | Noticed an ogre
  2559 | D:3      | Noticed Jessica
  2754 | D:4      | Found a staircase to the Ecumenical Temple.
  2764 | Temple   | Entered the Ecumenical Temple
  2776 | Temple   | Became a worshipper of Vehumet
  3308 | D:6      | Found a transporter.
  3309 | D:6      | Noticed an ogre
  3309 | D:6      | Noticed an ogre
  3309 | D:6      | Noticed an ogre
  3310 | D:6      | Found a transporter.
  3310 | D:6      | Noticed MachoJfn's ghost (novice DESu)
  3314 | D:6      | Identified the +6 dire flail of Irritation {freeze, Contam
                  | Str+4 Dex+2}
  3314 | D:6      | Identified the +2 great mace of the Snake Pit {chaos, rElec
                  | rC+ Str+4 Dex+3}
  3314 | D:6      | Noticed a two-headed ogre
  3360 | D:5      | Reached XP level 7. HP: 40/52 MP: 17/17
  3406 | D:5      | You fall into a shaft and drop 2 floors!
  3719 | D:6      | Reached skill level 1 in Armour
  3869 | D:6      | Noticed a two-headed ogre
  3943 | D:6      | Noticed a yak
  3951 | D:7      | Reached skill level 1 in Ranged Weapons
  4033 | D:7      | Noticed a two-headed ogre
  4115 | D:8      | Reached XP level 8. HP: 42/60 MP: 18/18
  4142 | D:8      | Found a staircase to the Lair.
  4236 | D:8      | Noticed a yak
  4257 | D:8      | Noticed a yak
  4263 | D:8      | Noticed a yak
  4265 | D:8      | Killed a yak
  4268 | D:8      | Killed a yak
  4273 | D:8      | Killed a yak
  4273 | D:8      | Reached * piety under Vehumet
  4273 | D:8      | Offered knowledge of Foxfire by Vehumet.
  4276 | D:8      | Learned a level 1 spell: Foxfire
  4344 | D:8      | Found a flagged portal.
  4392 | D:8      | Reached skill level 1 in Evocations
  4392 | D:8      | Reached XP level 9. HP: 66/66 MP: 20/20
  4424 | Bailey   | Entered a bailey
  4489 | Bailey   | Reached skill level 1 in Conjurations
  4489 | Bailey   | Reached skill level 1 in Poison Magic
  4610 | Bailey   | Reached skill level 1 in Fire Magic
  4750 | Bailey   | Reached skill level 5 in Fighting
  4764 | Bailey   | Reached ** piety under Vehumet
  4827 | Bailey   | Offered knowledge of Magic Dart by Vehumet.
  4975 | D:8      | Found a blossoming altar of Fedhas.
  4975 | D:8      | Found an ornate altar of the Wu Jian Council.
  5044 | D:8      | Noticed a two-headed ogre
  5409 | D:7      | Learned a level 6 spell: Plasma Beam
  5862 | D:3      | Killed Grinder
  5863 | D:3      | Reached XP level 10. HP: 73/74 MP: 20/22
  5893 | D:3      | Killed Jessica
  5931 | D:3      | Killed Sigmund
  5932 | D:3      | Reached skill level 1 in Air Magic
  6125 | D:6      | Offered knowledge of Volatile Blastmotes by Vehumet.
  6507 | D:6      | You are sucked into a shaft and drop 3 floors!
  6544 | D:7      | Killed a two-headed ogre
  6779 | D:6      | Reached *** piety under Vehumet
  6913 | D:6      | You are sucked into a shaft and drop 3 floors!
  6967 | D:10     | Entered Level 10 of the Dungeon
  7024 | D:10     | Reached skill level 5 in Poison Magic
  7088 | D:10     | Reached skill level 5 in Conjurations
  7302 | D:9      | You are sucked into a shaft and drop 3 floors!
  7364 | D:12     | Noticed a gargoyle
  7403 | D:12     | You are sucked into a shaft and drop 1 floor!
  7404 | D:13     | Noticed a red ugly thing
  7405 | D:13     | Noticed a centaur warrior
  7457 | D:13     | Noticed a manticore
  7484 | D:13     | Noticed an orange crystal statue
  7517 | D:13     | Offered knowledge of Ignite Poison by Vehumet.
  7522 | D:13     | Learned a level 3 spell: Ignite Poison
  7545 | D:13     | Found a gate leading to a gauntlet.
  7655 | D:11     | Noticed a cyclops
  7698 | D:10     | Reached skill level 5 in Dodging
  7700 | D:10     | Noticed a two-headed ogre
  7708 | D:11     | Reached skill level 1 in Shields
  7726 | D:10     | Noticed a two-headed ogre
  7742 | D:10     | Reached XP level 11. HP: 64/72 MP: 17/23
  7753 | D:10     | You are sucked into a shaft and drop 3 floors!
  7792 | D:13     | Gained mutation: Your muscles are strong. (Str +4, Int/Dex
                  | -1) [potion of mutation]
  7792 | D:13     | Gained mutation: Your spells are a little easier to cast,
                  | but a little less powerful. [potion of mutation]
  7835 | D:13     | You are sucked into a shaft and drop 2 floors!
  7835 | D:15     | Entered Level 15 of the Dungeon
  7929 | D:15     | Noticed a cyclops
  7950 | D:14     | Reached skill level 1 in Transmutations
  8013 | D:14     | Noticed a manticore
  8027 | D:14     | Noticed a cyclops
  8035 | D:14     | Noticed a deep elf pyromancer
  8150 | D:12     | Noticed a boulder beetle
  8242 | D:12     | Noticed a manticore
  8362 | D:11     | Noticed a red ugly thing
  8510 | D:11     | Noticed a cyclops
  8631 | D:10     | Reached skill level 5 in Fire Magic
  8646 | D:10     | Noticed Fannar
  8659 | D:10     | You are sucked into a shaft and drop 3 floors!
  8734 | D:14     | Noticed a red ugly thing
  8734 | D:14     | Noticed a red ugly thing
  8734 | D:14     | Noticed a red ugly thing
  8754 | D:13     | Noticed a cyclops
  8754 | D:13     | Noticed a cyclops
  9553 | D:9      | Reached **** piety under Vehumet
  9556 | D:9      | Reached skill level 1 in Throwing
  9896 | D:8      | Offered knowledge of Fireball by Vehumet.
  9906 | D:8      | Learned a level 5 spell: Fireball
 10507 | D:8      | Identified the +1 chain mail of Weightlessness {rC+ rN++
                  | Will+ Int-2}
 10541 | D:8      | Learned a level 4 spell: Sticky Flame
 11329 | D:9      | Identified the ring of Vufashry {*Slow rF+ rN+ AC+4}
 11330 | D:9      | Noticed an elephant
 11756 | D:10     | Noticed a two-headed ogre
 11935 | Lair:1   | Entered Level 1 of the Lair of Beasts
 12195 | D:8      | Killed a two-headed ogre
 12501 | Lair:1   | Reached skill level 5 in Air Magic
 12686 | Lair:1   | Found a transporter.
 12689 | Lair:1   | Found a transporter.
 12690 | Lair:1   | Noticed niangp's ghost (journeyman MiBe)
 12703 | Lair:1   | Noticed a seven-headed hydra
 12737 | Lair:1   | Noticed an oklob plant
 12775 | Lair:1   | Reached XP level 12. HP: 86/86 MP: 21/24
 13073 | Lair:1   | Reached skill level 5 in Shields
 13626 | Lair:2   | Found a staircase to the Swamp.
 13626 | Lair:2   | Noticed an eleionoma
 13643 | Lair:2   | Found an ornate altar of the Wu Jian Council.
 13964 | Lair:1   | Reached skill level 1 in Staves
 14046 | Lair:2   | Noticed Harold
 15229 | Lair:3   | Noticed a skyshark
 15679 | Lair:2   | Found a hole to the Spider Nest.
 15894 | Lair:2   | Killed Harold
 16024 | Lair:2   | You are sucked into a shaft and drop 1 floor!
 16677 | Lair:3   | Noticed a catoblepas
 16702 | Lair:3   | Reached XP level 13. HP: 93/93 MP: 25/25
 16793 | Lair:3   | Reached ***** piety under Vehumet
 17358 | Lair:2   | Killed an eleionoma
 17359 | Lair:2   | Reached skill level 5 in Armour
 18185 | D:10     | Killed Fannar
 18261 | D:10     | Offered knowledge of Conjure Ball Lightning by Vehumet.
 18269 | D:10     | Learned a level 6 spell: Conjure Ball Lightning
 18903 | D:10     | Found a staircase to the Orcish Mines.
 19025 | Orc:1    | Entered Level 1 of the Orcish Mines
 19253 | Orc:1    | Noticed an orc warlord
 19283 | Orc:2    | Entered Level 2 of the Orcish Mines
 19283 | Orc:2    | Noticed an ogre mage
 19323 | Orc:1    | Found Vuburida's Magic Scroll Emporium.
 19332 | Orc:1    | Bought a scroll of revelation for 120 gold pieces
 19332 | Orc:1    | Bought a scroll of revelation for 120 gold pieces
 19332 | Orc:1    | Bought a scroll of immolation for 64 gold pieces
 21834 | D:13     | Noticed a centaur warrior
 22185 | D:13     | Noticed a centaur warrior
 22199 | D:13     | Killed a centaur warrior
 22226 | D:13     | Noticed a centaur warrior
 22391 | D:12     | Reached XP level 14. HP: 88/100 MP: 16/27
 22599 | D:13     | Reached skill level 10 in Fire Magic
 22877 | D:13     | Found a gate to the Vaults.
 23641 | D:13     | Found a gateway to a bazaar.
 23780 | D:13     | You are sucked into a shaft and drop 1 floor!
 24033 | D:14     | You are sucked into a shaft and drop 1 floor!
 24516 | Bazaar   | Entered a bazaar
 24562 | Bazaar   | Found Xeucon's Antique Weapon Emporium.
 24573 | Bazaar   | Found Mar Buh's Antique Weapon Shoppe.
 24590 | Bazaar   | Found Zaeb's Antique Armour Shoppe.
 24601 | Bazaar   | Found Ecetuopo's Antique Armour Emporium.
 24635 | Bazaar   | Bought a masterwork orcbow for 238 gold pieces
 24635 | Bazaar   | Identified the +5 orcbow of Jocod {elec, rElec Will+ Dex-3}
                  | (You bought it in a shop in a bazaar)
 24672 | Bazaar   | Bought an embroidered cloak for 202 gold pieces
 24700 | Bazaar   | Bought a scorched battleaxe for 264 gold pieces
 24700 | Bazaar   | Identified the +8 battleaxe of Shimmering Terror {pain,
                  | Will+ Dex+3} (You bought it in a shop in a bazaar)
 25290 | Orc:1    | Killed an orc warlord
 25291 | Orc:1    | Reached skill level 10 in Conjurations
 26499 | Orc:1    | Reached skill level 10 in Spellcasting
 27336 | Orc:1    | Reached XP level 15. HP: 101/108 MP: 20/29
 27761 | Orc:2    | Found Xeqoan's Distillery.
 27766 | Orc:2    | Found Junuigyph's Jewellery Emporium.
 27771 | Orc:2    | Found Malerymm's Book Shop.
 27772 | Orc:2    | Found Raopinab's Armour Shop.
 27871 | Orc:2    | Found a staircase to the Elven Halls.
 28041 | Orc:2    | Noticed an orc warlord
 28203 | Orc:2    | Killed an orc warlord
 28570 | Orc:2    | Noticed an orc warlord
 28607 | Orc:2    | Bought a book of the Moon for 520 gold pieces
 28612 | Orc:2    | Learned a level 4 spell: Passage of Golubria
 29074 | Orc:2    | Bought a potion of curing for 45 gold pieces
 29539 | Lair:3   | Reached skill level 1 in Translocations
 30588 | Lair:3   | Reached skill level 1 in Axes
 31204 | Lair:3   | Reached skill level 5 in Translocations
 31208 | Lair:3   | Offered knowledge of Eringya's Noxious Bog by Vehumet.
 31357 | Lair:4   | Noticed Kirke
 31373 | Lair:3   | Reached ****** piety under Vehumet
 31498 | Lair:4   | Identified the +7 scale mail of the Moon {+Blink Fly rC+
                  | Dex-2}
 32151 | Lair:4   | Killed Kirke
 33136 | Lair:5   | Entered Level 5 of the Lair of Beasts
 33549 | Lair:5   | Reached XP level 16. HP: 107/115 MP: 19/30
 34248 | Lair:5   | Found a viscous altar of Jiyva.
 34249 | Lair:5   | Found a staircase to the Slime Pits.
 34257 | Lair:5   | Found a shimmering blue altar of Sif Muna.
 35489 | Lair:5   | Found a large runed translucent door.
 35489 | Lair:5   | Found a large runed translucent door.
 36208 | Lair:1   | You are sucked into a shaft and drop 1 floor!
 36332 | Lair:1   | You are sucked into a shaft and drop 1 floor!
 36494 | Lair:1   | Offered knowledge of Freezing Cloud by Vehumet.
 36501 | Lair:1   | Learned a level 5 spell: Freezing Cloud
 36639 | Lair:1   | You are sucked into a shaft and drop 1 floor!
 37159 | D:6      | Reached skill level 1 in Ice Magic
 37168 | D:6      | Killed MachoJfn's ghost
 38180 | D:14     | Reached skill level 5 in Ice Magic
 39238 | D:13     | You are sucked into a shaft and drop 2 floors!
 39611 | D:13     | Found a gate to the Vaults.
 40212 | D:15     | Noticed Louise
 40565 | D:15     | Found a staircase to the Depths.
 40594 | Depths:1 | Entered Level 1 of the Depths
 40594 | Depths:1 | Found Remp's Jewellery Shoppe.
 40751 | D:15     | Killed Louise
 41225 | D:15     | Reached skill level 10 in Translocations
 41723 | Orc:2    | Bought a ring of wizardry for 390 gold pieces
 41744 | Elf:1    | Entered Level 1 of the Elven Halls
 41750 | Elf:1    | Reached XP level 17. HP: 77/122 MP: 17/32
 42187 | Orc:2    | Offered knowledge of Ozocubu's Refrigeration by Vehumet.
 42584 | Swamp:1  | Entered Level 1 of the Swamp
 42785 | Swamp:1  | Noticed Donald
 42790 | Swamp:1  | You are sucked into a shaft and drop 1 floor!
 43125 | Lair:2   | You are sucked into a shaft and drop 1 floor!
 43843 | Lair:2   | You are sucked into a shaft and drop 1 floor!
 43903 | Lair:2   | Killed Donald
 44508 | Swamp:1  | Noticed Aizul
 44527 | Swamp:1  | You are sucked into a shaft and drop 1 floor!
 44537 | Swamp:1  | Killed Aizul
 44964 | Swamp:1  | Killed from afar by a will-o-the-wisp

Illustrated notes

Levels and vault maps discovered:
D:1:      dpeg_arrival_rhombi, layout_loops_ring, nrook_campfire
D:2:      layout_basic, serial_shops, shop
D:3:      layout_rooms, uniq_jessica, uniq_sigmund, uniq_natasha, uniq_grinder
D:4:      layout_rooms, minmay_temple_entry_wispy
D:5:      layout_gridville, nicolae_underground_beach
D:6:      minmay_inner_zag, layout_loops_corners, gammafunk_ghost_smash,
          minivault_24, grunt_decor_cap
D:7:      layout_basic
D:8:      layout_basic, nicolae_overflow_two_pavilions, dpeg_oklobed_lair,
          lightli_bailey_entry_fortress
D:9:      wad_woods_minihive, layout_rooms
D:10:     layout_big_octagon, david_orc_4, nzn_life_drinkers, uniq_fannar
D:11:     layout_basic
D:12:     layout_cave_pools
D:13:     layout_stronghold, david_vaults_2, gauntlet_entry_generic,
          serial_shops, statue_bzr, nicolae_twisting_strands,
          kennysheep_generic_room_2
D:14:     layout_cave_pools, nrook_uturn
D:15:     grunt_enter_depths_hoard, layout_rooms, uniq_louise
Temple:   nicolae_temple_bog_church
Lair:1:   layout_chaotic_city, nzn_ghost_randoct
Lair:2:   layout_chaotic_city, alex1729_swamp_entry_worm_eleionoma,
          spider_nest_entry_funnel_web, basic_altar, uniq_harold
Lair:3:   layout_cave_pods, beast_lair_carwin_5
Lair:4:   layout_misc_corridors, nicolae_volcano_entry_s_turn, uniq_kirke
Lair:5:   cheibrodos_lair_end_hotspot, layout_cave_shapes, slime_entry_1,
          basic_altar
Swamp:1:  layout_falls_marsh, nicolae_swamp_bean_lake, swamp_pool4,
          infiniplex_staircase_pool, uniq_donald, uniq_aizul
Swamp:2:  layout_basic_swamp, hangedman_swamp_ruin_hall
Orc:1:    layout_diamond_mine, serial_shops, nicolae_shop_tiny_statue_garden
Orc:2:    st_orc_open, layout_caves, portal_ice_cave_entry_pillars_1,
          elf_legates
Elf:1:    elf_arrival_002, layout_geoelf_grid, portal_desolation_entry_garden,
          minmay_elf_crystal_hexagon
Depths:1: layout_cave_pools, serial_shops, shop, reono_crystal_passage,
          hell_entry, kennysheep_dice

Skill      XL: |  1  2  3  4  5  6  7  8  9 10 11 12 13 14 15 16 17 |
---------------+----------------------------------------------------+-----
Spellcasting   | 1 2 3 4 5 6 7 8 9 10 11 | 11.5
Dodging        | 2 3 4 5 |  5.1
Armour         | 1 2 4 6 8 |  8.8
Ranged Weapons | 1 2 3 4 |  4.0
Fighting       | 4 5 7 8 |  8.4
Stealth        | 7 |  7.0
Evocations     | 1 2 |  2.0
Conjurations   | 3 5 6 7 9 10 | 10.5
Poison Magic   | 3 5 |  5.0
Fire Magic     | 2 4 6 8 9 11 | 11.4
Air Magic      | 2 5 6 7 8 |  8.6
Shields        | 1 4 6 8 9 |  9.0
Transmutations | 1 |  1.3
Throwing       | 2 |  2.0
Staves         | 2 |  2.6
Translocations | 8 10 | 10.6
Axes           | 2 |  2.6
Ice Magic      | 6 |  6.8
Maces & Flails | |  2.0

Action                     |  1- 3 |  4- 6 |  7- 9 | 10-12 | 13-15 | 16-18 || total
---------------------------+-------+-------+-------+-------+-------+-------++-------
  Melee: Mace              |   101 |   200 |    96 |       |       |       ||   397
         Punch             |     1 |       |     1 |     1 |       |       ||     3
         Lajatang          |       |       |   102 |   315 |    96 |       ||   513
         Hand axe          |       |       |       |    10 |       |       ||    10
         Dagger            |       |       |       |    44 |       |       ||    44
         War axe           |       |       |       |     7 |       |       ||     7
         Battleaxe         |       |       |       |       |   136 |   160 ||   296
   Fire: Orcbow            |       |       |   195 |   311 |   316 |   274 ||  1096
  Throw: Stone             |       |     3 |       |       |       |       ||     3
         Javelin           |       |       |     2 |       |     3 |       ||     5
         Throwing net      |       |       |       |     1 |       |       ||     1
         Dart              |       |       |       |     6 |    34 |     1 ||    41
   Cast: Ignite Poison     |       |       |       |     5 |    19 |       ||    24
         Sticky Flame      |       |       |       |    74 |   229 |    73 ||   376
         Fireball          |       |       |       |    24 |   136 |    31 ||   191
         Foxfire           |       |       |       |     2 |     2 |       ||     4
         Conjure Ball Ligh |       |       |       |       |     3 |    22 ||    25
         Passage of Golubr |       |       |       |       |     2 |    14 ||    16
         Freezing Cloud    |       |       |       |       |       |    70 ||    70
         Plasma Beam       |       |       |       |       |       |     3 ||     3
Ability: Shaft Self        |       |     1 |     1 |     8 |     2 |     8 ||    20
         Dig               |       |       |       |    12 |    13 |     3 ||    28
  Evoke: Wand              |       |    20 |    15 |    19 |     3 |       ||    57
    Use: Scroll            |       |       |     6 |    12 |     7 |     7 ||    32
         Potion            |       |       |     3 |    10 |     5 |     7 ||    25
   Stab: Sleeping          |     7 |    11 |     2 |     1 |       |       ||    21
         Distracted        |       |     1 |       |       |       |       ||     1
         Paralysed         |       |       |       |    14 |       |       ||    14
 Armour: Leather armour    |    56 |       |       |       |       |       ||    56
         Ring mail         |     9 |   166 |   189 |       |     3 |       ||   367
         Skin              |       |       |    12 |    13 |    27 |       ||    52
         Robe              |       |       |       |   365 |       |       ||   365
         Shadow dragon sca |       |       |       |   140 |   658 |       ||   798
         Scale mail        |       |       |       |       |    50 |   431 ||   481
  Dodge: Dodged            |    69 |   143 |   150 |   485 |   529 |   294 ||  1670
  Block: Other             |    32 |       |       |       |       |       ||    32
         Buckler           |       |       |       |   123 |   297 |   134 ||   554
         Reflection        |       |       |       |       |     4 |     6 ||    10
         Kite shield       |       |       |       |       |       |     4 ||     4

Table legend: (Time is in decaauts)
 A = Elapsed time spent in this place.
 B = Non-inter-level travel time spent in this place.
 C = Inter-level travel time spent in this place.
 D = Time resting spent in this place.
 E = Time spent auto-exploring this place.
 F = Levels seen in this place.
 G = Mean time per level.
                   A        B        C        D        E       F      G
               +--------+--------+--------+--------+--------+-----+--------+
         Total |  45912 |  42381 |   3531 |  16534 |  10446 |  29 | 1583.2 |
       Dungeon |  24283 |  22138 |   2145 |   6978 |   6729 |  15 | 1618.9 |
        Temple |     25 |      1 |     24 |      0 |      0 |   1 |   25.0 |
          Lair |  14021 |  12947 |   1074 |   5931 |   2648 |   5 | 2804.2 |
         Swamp |   1195 |   1177 |     18 |    541 |    325 |   2 |  597.5 |
  Orcish Mines |   5507 |   5238 |    269 |   3021 |    658 |   2 | 2753.5 |
   Elven Halls |    112 |    112 |      0 |      0 |     16 |   1 |  112.0 |
        Depths |      7 |      7 |      0 |      0 |      0 |   1 |    7.0 |
        Bazaar |    209 |    209 |      0 |      0 |     45 |   1 |  209.0 |
        Bailey |    549 |    549 |      0 |     63 |     25 |   1 |  549.0 |
               +--------+--------+--------+--------+--------+-----+--------+

Top non-repeatable levels by time:
  Lair:3: 3941 daAuts
    D:13: 3438 daAuts
  Lair:2: 3411 daAuts
   Orc:1: 3136 daAuts
  Lair:1: 2774 daAuts
     D:9: 2591 daAuts
     D:8: 2416 daAuts
   Orc:2: 2370 daAuts
    D:11: 2328 daAuts
  Lair:4: 1949 daAuts
  Lair:5: 1945 daAuts
    D:14: 1901 daAuts
    D:10: 1776 daAuts
     D:6: 1610 daAuts
    D:15: 1516 daAuts
